Map: Lightshade LE

Players

sOs

  • Race: Protoss Protoss
  • Spawn Location: 5:00

ByuN - Winner!

  • Race: Terran Terran
  • Spawn Location: 11:00

Event: IEM Katowice 2021

VOD

Have the link to the VOD?

Description

Time

  • Played on: Feb. 21, 2021, 11:35 a.m.
  • Length: 9:12

All games in this series

Show
View Real Time Build Order
Export as new Build Order

sOs Protoss 

Build Orders: 1 Gate Expand, Phoenix Opening, Mass Phoenix 

Get SALT Encoding   

  12  0:00  Probe  
  13  0:12  Probe  
  14  0:17  Pylon  
  14  0:24  Probe (Chrono Boost)  
  15  0:36  Probe (Chrono Boost)  
  15  0:38  Gateway  
  16  0:44  Probe (Chrono Boost)  
  16  0:48  Assimilator  
  17  0:51  Probe  
  18  1:03  Probe  
  19  1:15  Probe  
  20  1:25  Cybernetics Core  
  20  1:34  Nexus  
  20  1:37  Probe  
  21  1:42  Assimilator  
  21  1:49  Probe  
  21  1:52  Pylon  
  22  2:01  Probe  
  22  2:13  Probe  
  22  2:14  Stargate  
  23  2:16  Adept (Chrono Boost)  
  25  2:25  Probe  
  25  2:27  Shield Battery  
  25  2:28  Warp Gate  
  26  2:38  Adept, Probe (Chrono Boost)  
  29  2:46  Probe (Chrono Boost)  
  31  2:55  Probe (Chrono Boost)  
  31  2:56  Probe (Chrono Boost)  
  32  3:02  Probe  
  32  3:05  Probe  
  37  3:07  Phoenix (Chrono Boost)  
  37  3:10  Shield Battery  
  36  3:15  Probe  
  36  3:16  Adept  
  36  3:18  Probe  
  40  3:24  Phoenix (Chrono Boost)  
  42  3:29  Pylon  
  42  3:33  Probe  
  42  3:34  Probe  
  44  3:40  Phoenix (Chrono Boost)  
  44  3:47  Probe x2  
  48  3:49  Pylon  
  48  3:55  Assimilator  
  48  3:57  Assimilator  
  48  4:01  Phoenix (Chrono Boost)  
  50  4:08  Probe  
  50  4:09  Shield Battery  
  51  4:20  Probe x2, Phoenix (Chrono Boost)  
  51  4:23  Adept  
  57  4:26  Pylon  
  57  4:30  Robotics Facility  
  57  4:32  Probe x2  
  57  4:36  Phoenix (Chrono Boost)  
  61  4:48  Adept  
  61  4:49  Probe  
  64  4:53  Pylon  
  64  4:58  Probe  
  65  5:01  Probe, Phoenix  
  68  5:14  Nexus  
  68  5:17  Observer  
  68  5:20  Robotics Bay  
  63  5:38  Probe x2  
  63  5:41  Pylon  
  65  5:44  Gateway  
  65  5:46  Phoenix  
  67  5:53  Immortal (Chrono Boost), Probe x2  
  73  5:58  Gateway  
  73  5:59  Sentry  
  73  6:01  Shield Battery  
  75  6:07  Probe x2  
  77  6:19  Extended Thermal Lance  
  77  6:22  Colossus (Chrono Boost)  
  77  6:23  Gateway  
  83  6:26  Shield Battery  
  83  6:28  Sentry  
  83  6:30  Probe  
  83  6:31  Probe  
  87  6:48  Probe  
  87  6:53  Pylon, Zealot x2  
  92  6:54  Zealot  
  92  6:56  Pylon  
  100  7:13  Zealot  
  100  7:14  Zealot  
  102  7:26  Zealot  
  102  7:27  Probe  
  102  7:28  Probe  
  106  7:31  Zealot  
  100  7:38  Zealot  
  100  7:43  Probe x2 (Chrono Boost)  
  102  7:45  Robotics Facility  
  102  7:46  Probe (Chrono Boost)  
  102  7:50  Robotics Facility  
  102  7:53  Twilight Council  
  102  7:54  Phoenix  
  102  7:57  Zealot x2, Probe (Chrono Boost)  
  102  7:58  Pylon, Probe (Chrono Boost)  
  111  8:00  Probe (Chrono Boost)  
  111  8:02  Forge  
  111  8:03  Zealot  
  113  8:09  Probe  
  113  8:11  Assimilator x2  
  113  8:12  Pylon  
  114  8:19  Gateway x2  
  114  8:23  Gateway  
  114  8:26  Zealot  
  116  8:30  Zealot x2  
  115  8:46  Zealot  
  100  8:52  Stalker x2  
  94  8:59  Probe x3  
  101  9:07  Stalker  
Show
View Real Time Build Order
Export as new Build Order

ByuN Terran - Winner!

Build Orders:  

Get SALT Encoding   

  12  0:00  SCV  
  13  0:12  SCV  
  14  0:17  Supply Depot  
  14  0:24  SCV  
  15  0:38  SCV  
  15  0:40  Barracks  
  15  0:42  Refinery  
  16  0:50  SCV  
  16  0:52  Refinery  
  17  1:02  SCV  
  18  1:14  SCV  
  19  1:26  Marine  
  19  1:27  Orbital Command  
  19  1:31  Factory  
  20  1:39  Supply Depot  
  20  1:44  Barracks Reactor  
  20  1:52  SCV  
  21  2:04  SCV  
  22  2:16  SCV  
  22  2:20  Command Center  
  23  2:26  Hellion  
  23  2:28  Hellion  
  27  2:33  Supply Depot  
  27  2:35  SCV  
  28  2:47  SCV  
  29  2:54  Hellion  
  29  2:55  Hellion  
  29  2:57  Starport  
  33  2:59  SCV  
  33  3:02  Marine  
  35  3:10  Supply Depot  
  35  3:11  SCV  
  38  3:23  SCV  
  39  3:29  Marine  
  39  3:32  Widow Mine x2, Orbital Command  
  44  3:46  SCV  
  44  3:48  Barracks Tech Lab  
  43  3:51  Viking  
  43  3:53  Widow Mine, Orbital Command  
  43  3:54  Widow Mine  
  47  3:58  SCV  
  48  4:12  SCV, Barracks  
  48  4:13  Barracks  
  49  4:18  Marine x2  
  49  4:21  SCV  
  55  4:25  Siege Tank  
  55  4:29  SCV  
  56  4:33  SCV  
  56  4:36  Supply Depot  
  57  4:40  Starport Tech Lab  
  57  4:41  SCV  
  57  4:44  Marine x2  
  57  4:45  SCV  
  55  4:53  SCV  
  55  4:57  SCV, Engineering Bay  
  57  5:02  Supply Depot  
  57  5:05  SCV  
  58  5:08  Starport Reactor  
  58  5:10  Marine  
  58  5:11  Marine  
  58  5:12  SCV  
  61  5:14  Stimpack  
  61  5:15  Factory Reactor  
  61  5:17  Marauder x2, SCV  
  61  5:20  Supply Depot  
  66  5:24  SCV  
  66  5:25  Refinery  
  66  5:26  Terran Infantry Weapons Level 1  
  67  5:29  SCV  
  67  5:32  Marine x2  
  68  5:37  SCV  
  68  5:39  Marauder x2, Missile Turret  
  68  5:42  SCV, Combat Shield  
  74  5:49  Medivac x2  
  78  5:55  Supply Depot  
  78  5:56  Refinery  
  79  5:57  Marine x2  
  79  6:00  SCV x2  
  79  6:02  Supply Depot  
  82  6:09  Marauder x2  
  86  6:12  SCV  
  86  6:13  SCV  
  86  6:17  Supply Depot  
  86  6:21  Marine x2  
  86  6:22  Widow Mine x2  
  92  6:31  Supply Depot  
  92  6:33  Medivac x2  
  92  6:35  Marauder  
  92  6:39  Marauder  
  100  6:41  Marine x2  
  96  6:54  Concussive Shells  
  96  6:57  Marauder  
  96  6:59  Marine x2  
  96  7:00  Marauder  
  102  7:05  Command Center  
  102  7:17  Marine x2  
  102  7:18  Marauder  
  102  7:19  Widow Mine x2  
  102  7:21  Marauder  
  112  7:24  Medivac x2  
  105  7:34  Marine  
  105  7:35  Marine  
  103  7:39  Marauder  
  103  7:41  Widow Mine x2  
  103  7:43  Marauder  
  106  7:48  SCV x2  
  105  7:54  Medivac x2  
  109  8:00  Barracks  
  109  8:02  Marauder  
  109  8:04  Marauder, Barracks, Marine x2  
  115  8:10  Widow Mine  
  117  8:13  SCV  
  117  8:14  SCV  
  117  8:15  Widow Mine, Supply Depot  
  117  8:19  SCV  
  122  8:25  SCV  
  122  8:26  Marine x2  
  125  8:30  Marauder  
  125  8:32  Marauder  
  129  8:36  SCV  
  130  8:44  Marine x2  
  127  8:50  Widow Mine x2  
  127  8:51  Barracks Reactor, Barracks Tech Lab  
  127  8:54  SCV  
  133  8:57  SCV  

Tags
 
Add a new tag
Caveats
  • Supply blocks, unpowered buildings, or Contaminate may cause inaccurate times.
  • Supply counts are checked every 10 seconds.